 Dungeon Crawl Stone Soup version 0.32-a0-473-gd044c6f0f0 (webtiles) character file.

Game seed: 18443695503609760716

67640 Khashishi the Bringer of Blasphemy (level 14, -17/118 HPs)
             Began as a Mummy Monk on Feb 25, 2024.
             Was the Champion of Yredelemnul.
             Demolished by a very large slime creature (40 damage)
             ... on level 12 of the Dungeon.
             The game lasted 01:38:57 (13292 turns).

Khashishi the Bringer of Blasphemy (Mummy Monk)    Turns: 13292, Time: 01:38:58

Health: -17/118    AC: 31    Str: 17    XL:     14   Next: 46%
Magic:  33/33      EV: 13    Int: 11    God:    Yredelemnul [******]
Gold:   1355       SH:  5    Dex: 22    Spells: 13/13 levels left

rFire   + . .        b - +4 long sword (freeze)
rCold   + . .        (no shield)
rNeg    + + +        s - +18 Lear's hauberk
rPois   ∞            (helmet currently unavailable)
rElec   .            H - +0 cloak of Misaoxig {rPois Dex+5}
rCorr   .            (gloves currently unavailable)
SInv    .            (boots currently unavailable)
Will    ++...        k - amulet of reflection Stlth
                     j - ring "Nackyq" {rN+ Int+2 Slay+3}
HPRegen 0.39/turn    g - ring "Gureocvi" {rF++ Will+ MP+9}
MPRegen 0.23/turn

%: reflection, faith
@: wreathed by umbra, studying 2 skills
A: cold resistance 1, negative energy resistance 3, torment resistance 2, heat
vulnerability 1, in touch with death 2, no potions, faith
a: Renounce Religion, Light the Black Torch, Recall Undead Harvest, Hurl
Torchlight, Bind Soul, Fathomless Shackles


You were on level 12 of the Dungeon.
You worshipped Yredelemnul.
Yredelemnul was pleased with you.
You visited 3 branches of the dungeon, and saw 18 of its levels.
You also visited: Sewer, Gauntlet and Ice Cave.

You collected 1409 gold pieces.
You spent 54 gold pieces at shops.

Inventory:

Hand Weapons
 b - a +4 long sword of freezing (weapon)
Missiles
 h - 4 curare-tipped darts (quivered)
 o - 2 throwing nets
Armour
 f - a +2 leather armour of resistance
 s - the +18 Lear's hauberk (worn)
   (You acquired it on level 4 of the Dungeon)
 H - the +0 cloak of Misaoxig (worn) {rPois Dex+5}
   (You found it in a Gauntlet)

   Dex+5:     It affects your dexterity (+5).
   rPois:     It protects you from poison
 L - an orb of mayhem
Jewellery
 a - a ring of flight
 g - the ring "Gureocvi" (right hand) {rF++ Will+ MP+9}
   (You acquired it on level 4 of the Dungeon)

   [ring of willpower]

   rF++:      It greatly protects you from fire.
   Will+:     It increases your willpower.
   MP+9:      It affects your magic capacity (+9).
 j - the ring "Nackyq" (left hand) {rN+ Int+2 Slay+3}
   (You found it on level 4 of the Dungeon)

   [ring of positive energy]

   Int+2:     It affects your intelligence (+2).
   Slay+3:    It affects your accuracy & damage with ranged weapons and melee
   (+3).
   rN+:       It protects you from negative energy.
 k - an amulet of reflection (around neck)
 l - a ring of protection from cold
 E - a ring of willpower
 G - a ring of wizardry
Wands
 c - a wand of mindburst (34)
 e - a wand of roots (13)
 r - a wand of polymorph (3)
 t - a wand of flame (35)
 w - a wand of paralysis (16)
 z - a wand of light (8)
Scrolls
 d - 4 scrolls of noise
 i - 3 scrolls of immolation
 m - 6 scrolls of teleportation
 n - a scroll of torment
 p - 2 scrolls of amnesia
 q - 2 scrolls of summoning
 u - 5 scrolls of poison
 v - 2 scrolls of fear
 x - 2 scrolls of blinking
 y - 3 scrolls of brand weapon
 A - a scroll of fog
 B - 4 scrolls of identify
 C - a scroll of silence
 I - a scroll of enchant armour {unknown}
Miscellaneous
 D - a condenser vane
 F - a lightning rod (4/4)
 N - a phantom mirror
 O - a box of beasts


   Skills:
 + Level 13.1 Fighting
 - Level 10.0 Long Blades
 - Level 2.5 Axes
 + Level 10.5 Armour
 + Level 9.4 Dodging
 + Level 13.5 Invocations
 - Level 3.0 Evocations


You had 13 spell levels left.
You didn't know any spells.
Your spell library contained the following spells:

 Spells                   Type           Power      Damage    Failure   Level
 Call Imp                 Summ           0%         N/A       98%         2
 Cigotuvi's Dreadful Rot  Necr/Alch/Air  0%         N/A       98%         2
 Frozen Ramparts          Ice            0%         1d1       100%        3
 Ozocubu's Armour         Ice            0%         N/A       100%        3
 Tukima's Dance           Hex            0%         N/A       100%        3
 Dimensional Bullseye     Hex/Tloc       0%         N/A       100%        4
 Dispel Undead            Necr           0%         3d6       100%        4
 Ignite Poison            Fire/Alch      0%         N/A       100%        4
 Iskenderun's Mystic Bla  Conj/Tloc      0%         2d3       100%        4
 Leda's Liquefaction      Alch/Erth      0%         N/A       100%        4
 Martyr's Knell           Necr/Summ      0%         N/A       100%        4
 Petrify                  Alch/Erth      0%         N/A       100%        4
 Sticky Flame             Fire/Alch      0%         2d4       100%        4
 Metabolic Englaciation   Hex/Ice        0%         N/A       100%        5
 Summon Forest            Summ/Tloc      0%         N/A       100%        5
 Summon Mana Viper        Hex/Summ       0%         N/A       100%        5
 Sculpt Simulacrum        Ice/Alch       0%         N/A       100%        6
 Summon Cactus Giant      Summ           0%         N/A       100%        6
 Haunt                    Necr/Summ      0%         N/A       100%        7
 Summon Hydra             Summ           0%         N/A       100%        7
 Ignition                 Fire           0%         3d3       100%        8
 Infestation              Necr           0%         N/A       100%        8
 Chain Lightning          Conj/Air       0%         N/A       100%        9
 Fire Storm               Conj/Fire      0%         5d1       100%        9
 Shatter                  Erth           0%         3d5*      100%        9
 Sublimation of Blood     Necr           Unusable   N/A       N/A         2
 Animate Dead             Necr           Unusable   N/A       N/A         4
 Death Channel            Necr           Unusable   N/A       N/A         6

Dungeon Overview and Level Annotations

Branches:
Dungeon (12/15)            Temple (1/1) D:5            Lair (5/5) D:9
 Shoals (0/4) Lair:3        Snake (0/4) Lair:3        Slime (0/5) Lair:5
  Sewer (visited)           IceCv (visited)         Gauntlet (visited)
    Orc: D:9-12

Altars:
Ashenzari
Cheibriados
Dithmenos
Fedhas
Gozag
Hepliaklqana
Kikubaaqudgha
Makhleb
Nemelex Xobeh
Okawaru
Qazlal
Ru
Sif Muna
Trog
Uskayaw
Vehumet
Wu Jian
Xom
Yredelemnul

Shops:
D:5 [*   D:9 =?[(!


Innate Abilities, Weirdness & Mutations

You are immune to poison.
Your flesh is cold resistant. (rC+)
You are immune to negative energy. (rN+++)
You are immune to unholy pain and torment.
You are vulnerable to heat. (rF-)
You are strongly in touch with the powers of death.
You do not drink.
You have a special connection with the divine. (Faith)


Message History

The slime creature hits you.
You block the very large slime creature's attack.
The slime creature hits you but does no damage.
You barely miss the very large slime creature.
The very large slime creature is severely wounded.
Your orc wizard zombie hits the slime creature.
The slime creature hits you! The slime creature misses you.
The very large slime creature hits you.
You slash the very large slime creature!
You freeze the very large slime creature.
The very large slime creature is severely wounded.
Your orc wizard zombie hits the slime creature.
The slime creature hits you!
The very large slime creature hits you but does no damage.
The slime creature hits you but does no damage.
You hit the very large slime creature.
You freeze the very large slime creature.
The very large slime creature is severely wounded.
Your orc wizard zombie hits the slime creature but does no damage.
You slash the very large slime creature!
You freeze the very large slime creature.
The very large slime creature is almost dead.
The slime creature hits you but does no damage.
The very large slime creature barely misses you.
The slime creature hits you!
You slash the very large slime creature!
You freeze the very large slime creature!
The very large slime creature is almost dead.
The very large slime creature hits you!!!
* * * LOW HITPOINT WARNING * * *
The slime creature closely misses you.
The slime creature hits you but does no damage.
Your orc wizard zombie hits the slime creature.
You slash the very large slime creature!
You freeze the very large slime creature.
The very large slime creature is almost dead.
You block the slime creature's attack.
The very large slime creature hits you!!!
You die...
You join the legions of the undead harvest.

#.......##.'..Z....'.######....
#..>....####.......#......'(...
#.......# #ZZ..Z..########....
+.......# ##Z###### ####'
#.......# #.## #.. #####+###
#Z.## #.# ##.Z# .. ####Z####
..# #..@J..?# #.# #..JJ...# ..
### #.......# .[. ..# .##
#.......# #...... #.......+
###.. +.^(....# ##. #.......#
### #.. #.......# #.. #.# #.#


You could see a very large slime creature (ally target), 2 slime creatures and 2
friendly orc wizard zombies.

Vanquished Creatures
  Snorg (D:10)
  Josephine (D:12)
  An ice dragon (Lair:3)
  2 two-headed ogres
  A skyshark (Lair:4)
  A bog body (Lair:2)
  2 lindwurms (Lair:5)
  Pikel (D:6)
  A deep elf pyromancer (D:12)
  2 manticores
  3 black mambas (Lair:5)
  3 elephants (Lair:1)
  2 ice statues (IceCv)
  A torpor snail (Lair:5)
  4 rime drakes
  8 cane toads
  An unseen horror (D:12)
  An anaconda simulacrum (IceCv)
  4 komodo dragons
  2 ice devils (IceCv)
  A troll (D:12)
  4 polar bears
  2 blink frogs (Lair:5)
  4 dream sheep
  2 hornets
  Grinder (D:6)
  Sigmund (D:2)
  A dire elephant simulacrum (IceCv)
  2 wraiths (D:12)
  4 shadows
  2 wyverns
  3 basilisks
  29 yaks
  Eustachio (D:4)
  Grum (D:8)
  4 steam dragons
  3 vampire mosquitoes
  A naga (Lair:3)
  9 water moccasins
  3 hydra simulacra (IceCv)
  An acid dragon (D:8)
  Duvessa (D:6)
  An orc warrior (D:8)
  A laughing skull (Gauntlet)
  An ogre (D:5)
  4 wolves
  A lemure (D:6)
  3 phantoms
  3 kobold brigands
  5 bullfrogs
  2 gnoll sergeants (D:9)
  2 scorpions
  2 wights (D:8)
  17 killer bees
  2 jellies
  2 orc priests (D:12)
  A bombardier beetle (D:6)
  5 hounds
  Jessica (D:3)
  An iguana (D:3)
  Ijyb (D:4)
  6 orc wizards
  A sleepcap (D:4)
  A troll simulacrum (IceCv)
  A spriggan simulacrum (Lair:2)
  7 gnolls
  7 river rats
  8 adders
  3 shadow imps
  A white imp (D:6)
  3 dart slugs
  3 ribbon worms
  15 orcs
  8 endoplasms
  2 giant cockroaches
  7 goblins
  6 hobgoblins
  3 jackals (D:1)
  A quokka (D:1)
  10 ball pythons
  5 bats
  4 frilled lizards (D:1)
  31 kobolds
  13 rats
323 creatures vanquished.

Vanquished Creatures (collateral kills)
  A reaper (IceCv)
  A dire elephant (Lair:5)
  A minotaur (Gauntlet)
  3 hydras (Lair:3)
  2 boulder beetles
  2 catoblepae
  A two-headed ogre (D:9)
  A death yak (Lair:2)
  A manticore (Lair:5)
  3 elephants (Lair:1)
  A black mamba (Lair:3)
  An ice statue (Lair:2)
  9 cane toads
  4 ice devils (IceCv)
  2 rime drakes
  6 komodo dragons
  An anaconda simulacrum (IceCv)
  A troll (D:10)
  6 dream sheep
  5 blink frogs (Lair:5)
  2 vampires
  3 shadows (Gauntlet)
  2 wraiths
  2 wyverns (Lair:5)
  A dire elephant simulacrum (IceCv)
  23 yaks
  2 death yak simulacra (IceCv)
  3 steam dragons
  3 vampire mosquitoes
  3 basilisks
  2 harpy simulacra
  An acid dragon (D:8)
  2 hydra simulacra (IceCv)
  5 water moccasins
  2 orc warriors
  2 laughing skulls (Gauntlet)
  6 wolves
  7 centaurs
  2 lemures (D:6)
  A weeping skull (Gauntlet)
  6 bullfrogs
  A scorpion (D:6)
  A two-headed ogre simulacrum (Lair:2)
  A cane toad simulacrum (Lair:2)
  8 killer bees
  4 elephant simulacra
  Dowan (D:6)
  4 howler monkeys (D:9)
  3 hounds (D:6)
  2 jellies
  2 orc priests (D:6)
  A gnoll bouda (D:5)
  4 hell rats (Lair:3)
  An iguana (D:6)
  2 orc wizards (D:12)
  A sleepcap (D:8)
  A spriggan simulacrum (IceCv)
  A wolf simulacrum (IceCv)
  A killer bee zombie (D:10)
  2 gnolls
  An adder (D:4)
  A river rat (Sewer)
  2 shadow imps
  A white imp (D:8)
  11 orcs
  4 endoplasms
  4 kobolds
  3 ball pythons (Sewer)
  A frilled lizard (Sewer)
  14 rats (Sewer)
215 creatures vanquished.

Vanquished Creatures (others)
  A spectral elf (Lair:5)
  A hydra zombie (Lair:3)
  A polar bear (Lair:3)
  3 black mamba zombies
  5 spectral ice devils (IceCv)
  4 cane toad zombies
  A hornet zombie (D:10)
  An elephant zombie (Lair:1)
  2 blink frog zombies (Lair:5)
  2 komodo dragon zombies
  2 rime drake zombies
  2 wyvern zombies (Lair:5)
  4 water moccasin zombies
  A polar bear zombie (Lair:3)
  16 yak zombies
  A wolf zombie (D:8)
  2 bullfrog zombies
  3 centaur zombies (Lair:3)
  A spectral orc (D:8)
  A basilisk zombie (Lair:5)
  8 killer bee zombies
  An acid dragon zombie (D:8)
  A hell rat zombie (Lair:3)
  A steam dragon zombie (D:8)
  A jelly zombie (Lair:5)
  A gnoll zombie (D:9)
  A ball python zombie (Sewer)
  2 endoplasm zombies (Lair:5)
  3 kobold zombies
  14 orc zombies
  3 rat zombies (Sewer)
90 creatures vanquished.

Grand Total: 628 creatures vanquished

Notes
Turn   | Place    | Note
-------+----------+-------------------------------------------
     0 | D:1      | Khashishi the Mummy Monk began the quest for the Orb.
     0 | D:1      | Reached XP level 1. HP: 18/18 MP: 1/1
   131 | D:1      | Reached XP level 2. HP: 24/24 MP: 2/2
   232 | D:1      | You fall into a shaft and drop 1 floor!
   280 | D:2      | Reached skill level 1 in Long Blades
   384 | D:2      | Noticed Sigmund
   402 | D:3      | Reached XP level 3. HP: 21/30 MP: 3/3
   404 | D:3      | Reached XP level 4. HP: 23/37 MP: 4/4
  1090 | D:2      | Killed Sigmund
  1091 | D:2      | Reached skill level 5 in Fighting
  1091 | D:2      | Reached skill level 1 in Armour
  1091 | D:2      | Reached XP level 5. HP: 42/44 MP: 5/5
  1091 | D:2      | Reached XP level 6. HP: 49/51 MP: 6/6
  1553 | D:3      | Noticed Jessica
  1574 | D:3      | Killed Jessica
  1972 | D:4      | Noticed Ijyb
  1980 | D:4      | Killed Ijyb
  1980 | D:4      | Noticed Eustachio
  1986 | D:4      | Noticed Blork the orc
  2167 | D:4      | Killed Eustachio
  2168 | D:4      | Reached XP level 7. HP: 48/56 MP: 7/7
  2171 | D:4      | Identified the ring "Nackyq" {rN+ Int+2 Slay+3}
  2181 | D:5      | Entered Level 5 of the Dungeon
  2190 | D:5      | Found a bloodstained altar of Trog.
  2201 | D:5      | Found a staircase to the Ecumenical Temple.
  2210 | Temple   | Entered the Ecumenical Temple
  2254 | Temple   | Became a worshipper of Yredelemnul the Fallen
  2254 | Temple   | Reached * piety under Yredelemnul
  2254 | Temple   | Reached ** piety under Yredelemnul
  2332 | D:5      | Found Udowusm's General Store.
  2400 | D:5      | Reached skill level 1 in Invocations
  2563 | D:5      | Found a glowing drain.
  2572 | Sewer    | Entered a sewer
  2610 | Sewer    | Reached *** piety under Yredelemnul
  2612 | Sewer    | Reached XP level 8. HP: 20/64 MP: 5/9
  2841 | Sewer    | Reached **** piety under Yredelemnul
  3137 | D:5      | Found Iqenas's Armour Boutique.
  3249 | D:5      | Bought a +0 cloak for 54 gold pieces
  3358 | D:4      | Killed Blork the orc
  3358 | D:4      | Bound Blork the orc
  3430 | D:4      | Found a snail-covered altar of Cheibriados.
  3617 | D:4      | Identified 3 scrolls of acquirement
  3619 | D:4      | Acquired the +18 Lear's hauberk
  3619 | D:4      | Found the +18 Lear's hauberk
  3632 | D:4      | Acquired a manual of Invocations
  3635 | D:4      | Acquired the ring "Gureocvi" {rF++ Will+ MP+9}
  3704 | D:6      | Noticed Pikel
  3709 | D:6      | Killed Pikel
  3710 | D:6      | Reached skill level 5 in Invocations
  3716 | D:6      | Reached XP level 9. HP: 40/72 MP: 13/13
  3738 | D:6      | Noticed Duvessa
  3746 | D:6      | Killed Duvessa
  3749 | D:6      | Noticed Dowan
  3755 | D:6      | Killed Dowan
  3979 | D:6      | Reached skill level 5 in Armour
  4189 | D:6      | Noticed Grinder
  4195 | D:6      | Killed Grinder
  4553 | D:7      | Noticed a two-headed ogre
  4560 | D:7      | Killed a two-headed ogre
  4777 | D:7      | Reached skill level 5 in Long Blades
  4938 | D:8      | Found an opulent altar of Gozag.
  4950 | D:8      | Reached XP level 10. HP: 80/82 MP: 16/16
  4999 | D:8      | Reached ***** piety under Yredelemnul
  4999 | D:8      | Your ally Blork died
  5149 | D:8      | Noticed Grum
  5160 | D:8      | Killed Grum
  5200 | D:8      | Found a burning altar of Makhleb.
  5200 | D:8      | Found an iron altar of Okawaru.
  5587 | D:9      | Found Kugys's Weapon Boutique.
  5592 | D:9      | Found Keahir's Magic Scroll Shop.
  5619 | D:9      | Found Saint's Distillery.
  5717 | D:9      | Noticed a boulder beetle
  5732 | D:9      | Killed a boulder beetle
  5732 | D:9      | Bound a boulder beetle
  5760 | D:9      | Found a staircase to the Lair.
  5931 | D:9      | Reached skill level 10 in Invocations
  5949 | D:9      | Noticed a two-headed ogre
  5954 | D:9      | Killed a two-headed ogre
  5955 | D:9      | Reached XP level 11. HP: 75/90 MP: 18/18
  6186 | D:9      | Found Biqo's Jewellery Boutique.
  6223 | D:9      | Found Seutua's Antique Armour Shoppe.
  6338 | D:10     | Entered Level 10 of the Dungeon
  6357 | D:10     | Noticed Fannar
  6367 | D:10     | Killed Fannar
  6367 | D:10     | Bound Fannar
  6498 | D:10     | Noticed Snorg
  6514 | D:10     | Killed Snorg
  6733 | D:10     | Reached skill level 10 in Fighting
  7075 | Lair:1   | Entered Level 1 of the Lair of Beasts
  7192 | Lair:1   | Identified the +6 dagger of the Final Chapter {drain, rF+}
  7801 | Lair:2   | Noticed a boulder beetle
  7814 | Lair:2   | Killed a boulder beetle
  7815 | Lair:2   | Reached XP level 12. HP: 93/99 MP: 20/20
  7942 | Lair:2   | Noticed a death yak
  7952 | Lair:2   | Killed a death yak
  8305 | Lair:2   | Found a gate leading to a gauntlet.
  8313 | Gauntlet | Entered a Gauntlet
  8313 | Gauntlet | Found a transporter.
  8316 | Gauntlet | Found a transporter.
  8318 | Gauntlet | Found a transporter.
  8331 | Gauntlet | Found a transporter.
  8332 | Gauntlet | Found a transporter.
  8343 | Gauntlet | Found a transporter.
  8350 | Gauntlet | Found a runed translucent door.
  8367 | Gauntlet | Found a transporter.
  8368 | Gauntlet | Noticed a ghost crab
  8395 | Gauntlet | Found a runed translucent gate.
  8396 | Gauntlet | Found a transporter.
  8396 | Gauntlet | Found a runed translucent gate.
  8397 | Gauntlet | Found a runed translucent gate.
  8398 | Gauntlet | Noticed a quicksilver ooze
  8400 | Gauntlet | Found a transporter.
  8403 | Gauntlet | Found a transporter.
  8422 | Gauntlet | Found a transporter.
  8422 | Gauntlet | Found a transporter.
  8451 | Gauntlet | Found a transporter.
  8459 | Gauntlet | Found a transporter.
  8517 | Gauntlet | Reached skill level 5 in Dodging
  8572 | Gauntlet | Identified the +0 cloak of Misaoxig {rPois Dex+5}
  8603 | Gauntlet | Identified the +6 ring mail of the Griffon {Stlth+}
  8603 | Gauntlet | Noticed a minotaur
  8610 | Gauntlet | Killed a minotaur
  8790 | Lair:3   | Noticed an eight-headed hydra
  8795 | Lair:3   | Killed a nine-headed hydra
  8801 | Lair:3   | Found a staircase to the Shoals.
  8849 | Lair:3   | Noticed a five-headed hydra
  8858 | Lair:3   | Killed an eight-headed hydra
  8859 | Lair:3   | Reached skill level 1 in Evocations
  8931 | Lair:3   | Noticed an eight-headed hydra
  8937 | Lair:3   | Killed an eight-headed hydra
  8938 | Lair:3   | Gained mutation: You are strongly in touch with the powers
                  | of death. [Mummy growth]
  8938 | Lair:3   | Reached XP level 13. HP: 92/107 MP: 22/22
  8940 | Lair:3   | Reached ****** piety under Yredelemnul
  9094 | Lair:3   | Found a staircase to the Snake Pit.
  9195 | Lair:3   | Found a frozen archway.
  9239 | IceCv    | Entered an ice cave
  9872 | IceCv    | Noticed a reaper
  9884 | IceCv    | Killed a reaper
 10197 | Lair:5   | Entered Level 5 of the Lair of Beasts
 10475 | Lair:5   | Reached skill level 10 in Armour
 10476 | Lair:5   | Your ally Fannar died
 10492 | Lair:5   | Reached XP level 14. HP: 67/116 MP: 23/23
 10687 | Lair:5   | Got an earthy gem with 1315 turns to spare
 10842 | Lair:5   | Found a staircase to the Slime Pits.
 12753 | Lair:1   | Upgraded the game from 0.32-a0-468-g38b2580584 to
                  | 0.32-a0-473-gd044c6f0f0
 12932 | D:12     | Reached skill level 10 in Long Blades
 12953 | D:12     | Noticed Josephine
 12987 | D:12     | Killed Josephine
 13292 | D:12     | Demolished by a very large slime creature

Illustrated notes

Levels and vault maps discovered:
D:1:      minmay_arrival_four_circles, layout_basic, columned_hall_lemuel,
          kennysheep_nondescript, st_stairs_5
D:2:      layout_basic, uniq_sigmund
D:3:      minmay_evil_eye, layout_loops_cross, cheibrodos_gnoll_hut,
          uniq_jessica
D:4:      nicolae_BIG_FREAKIN_CUBE, layout_rooms, mainiacjoe_overflow_24_doors,
          uniq_ijyb, uniq_eustachio, uniq_blork_the_orc
D:5:      layout_cave_pools, lightli_temple_of_fire,
          minmay_temple_entry_statues_fountains, serial_shops, shop, shop,
          portal_sewer_entry_b
D:6:      layout_basic, uniq_grinder, uniq_duvessa, uniq_pikel
D:7:      layout_rooms
D:8:      minmay_s_stair_smasher, layout_cave_pools,
          nicolae_overflow_crystal_walls,
          chequers_temple_overflow_statue_of_worship, uniq_grum
D:9:      layout_cave_pods, dpeg_oklobed_lair, serial_shops, shop, shop, shop,
          nicolae_shop_window_shopping, shop, nrook_uturn,
          grunt_decor_arrowhead, st_stairs_1
D:10:     layout_layer_cave, uniq_fannar, uniq_snorg
D:11:     lemuel_troll_bridge, layout_basic, serial_corexii_hall,
          chequers_hall_statues_corner_a, corexii_hall_statues_l,
          chequers_hall_statues_wall_a, corexii_hall_statues_i
D:12:     layout_roguey, uniq_josephine
Temple:   nicolae_temple_elliptical
Lair:1:   layout_cave_shapes
Lair:2:   dreamdust_isle_of_ice, layout_cave_pods, gauntlet_entry_generic
Lair:3:   layout_regular_city, minmay_shoals_entry_centaurs,
          guppyfry_snake_entry_island, portal_ice_cave_entry_animals_and_master
Lair:4:   layout_roguey
Lair:5:   hangedman_lair_in_review, layout_regular_city,
          nicolae_slime_entry_slimehenge, infiniplex_staircase_pool

Skill      XL: |  1  2  3  4  5  6  7  8  9 10 11 12 13 14 |
---------------+-------------------------------------------+-----
Long Blades    | 1 2 3 4 5 6 7 8 9 10 | 10.0
Fighting       | 4 5 6 7 8 9 10 11 12 13 | 13.1
Armour         | 1 2 3 4 6 7 8 9 10 | 10.5
Invocations    | 1 6 8 10 11 12 13 | 13.5
Dodging        | 3 5 8 9 |  9.4
Evocations     | 1 3 |  3.0
Axes           | |  2.5

Action                     |  1- 3 |  4- 6 |  7- 9 | 10-12 | 13-15 || total
---------------------------+-------+-------+-------+-------+-------++-------
  Melee: Hand axe          |    17 |       |       |       |       ||    17
         Long sword        |    31 |    94 |   157 |   398 |   486 ||  1166
  Throw: Dart              |       |    11 |     6 |     9 |     5 ||    31
 Invoke: Hurl Torchlight   |       |       |     6 |     9 |     8 ||    23
         Light the Black T |       |       |     6 |     6 |     4 ||    16
         Recall Undead Har |       |       |     1 |     5 |     2 ||     8
         Bind Soul         |       |       |     1 |     2 |     1 ||     4
         Fathomless Shackl |       |       |       |       |     1 ||     1
  Evoke: Wand              |       |       |       |     1 |     1 ||     2
    Use: Scroll            |       |     3 |     9 |     8 |       ||    20
   Stab: Distracted        |       |       |     1 |     7 |     8 ||    16
         Petrified         |       |       |       |       |    54 ||    54
         Petrifying        |       |       |       |       |     3 ||     3
 Armour: Robe              |     6 |       |       |       |       ||     6
         Leather armour    |    19 |     4 |       |       |       ||    23
         Scale mail        |       |    68 |    85 |       |       ||   153
         Chain mail        |       |       |    69 |   412 |   309 ||   790
  Dodge: Dodged            |    32 |    40 |    83 |   261 |   232 ||   648
  Block: Other             |       |       |       |    41 |    71 ||   112
         Reflection        |       |       |       |     2 |       ||     2

Table legend: (Time is in decaauts)
 A = Elapsed time spent in this place.
 B = Non-inter-level travel time spent in this place.
 C = Inter-level travel time spent in this place.
 D = Time resting spent in this place.
 E = Time spent auto-exploring this place.
 F = Levels seen in this place.
 G = Mean time per level.
                   A        B        C        D        E       F      G
               +--------+--------+--------+--------+--------+-----+--------+
         Total |  13371 |  12855 |    516 |    408 |   6481 |  21 |  636.7 |
       Dungeon |   7169 |   6817 |    352 |     84 |   4082 |  12 |  597.4 |
        Temple |     57 |     47 |     10 |      0 |      0 |   1 |   57.0 |
          Lair |   4502 |   4348 |    154 |      0 |   2226 |   5 |  900.4 |
         Sewer |    466 |    466 |      0 |      0 |    135 |   1 |  466.0 |
      Ice Cave |    811 |    811 |      0 |    324 |      0 |   1 |  811.0 |
      Gauntlet |    363 |    363 |      0 |      0 |     38 |   1 |  363.0 |
               +--------+--------+--------+--------+--------+-----+--------+

Top non-repeatable levels by time:
  Lair:2: 1174 daAuts
  Lair:5: 903 daAuts
  Lair:3: 893 daAuts
     D:6: 882 daAuts
  Lair:1: 837 daAuts
     D:9: 816 daAuts
   IceCv: 811 daAuts
     D:3: 726 daAuts
    D:10: 723 daAuts
     D:2: 707 daAuts
  Lair:4: 694 daAuts
     D:8: 685 daAuts
     D:4: 614 daAuts
     D:5: 581 daAuts
     D:1: 571 daAuts
